Map: 好奇心 - 天梯版

Players

darkplay

  • Race: Zerg Zerg
  • League: Diamond
  • Spawn Location: 5:00

llIIlllIIlll - Winner!

  • Race: Terran Terran
  • League: Diamond
  • Spawn Location: 11:00

VOD

Have the link to the VOD?

Description

Time

  • Played on: July 3, 2022, 3:42 a.m.
  • Length: 17:51
Show
View Real Time Build Order
Export as new Build Order

darkplay Zerg 

Build Orders: Hatch First 

Get SALT Encoding   

  12  0:00  Drone  
  13  0:12  Overlord  
  13  0:16  Drone  
  14  0:30  Drone x2  
  16  0:54  Hatchery, Drone  
  16  0:55  Drone  
  17  0:58  Drone  
  18  1:06  Extractor  
  17  1:13  Spawning Pool  
  17  1:17  Drone  
  17  1:20  Drone  
  18  1:29  Drone  
  19  1:43  Drone  
  20  2:03  Queen  
  20  2:07  Zergling x4  
  24  2:17  Metabolic Boost  
  24  2:18  Hatchery  
  24  2:19  Queen  
  25  2:28  Overlord  
  25  2:30  Drone  
  25  2:31  Drone  
  27  2:39  Drone  
  28  2:48  Drone x3  
  31  2:54  Overlord  
  31  2:55  Drone  
  32  3:01  Drone  
  32  3:03  Drone  
  34  3:11  Overlord  
  34  3:14  Drone x3  
  37  3:21  Drone  
  37  3:24  Drone  
  37  3:25  Drone  
  37  3:26  Queen  
  42  3:31  Drone  
  44  3:34  Drone  
  44  3:41  Queen  
  44  3:43  Queen  
  44  3:47  Overlord  
  49  3:48  Drone  
  49  3:52  Zergling x2  
  50  4:02  Drone x5  
  55  4:08  Queen  
  57  4:11  Overlord  
  57  4:18  Roach Warren  
  57  4:22  Drone x2  
  58  4:24  Overlord  
  58  4:25  Overlord x3  
  58  4:44  Queen  
  58  4:45  Baneling Nest  
  59  4:47  Overlord  
  59  4:48  Queen, Overlord  
  61  4:57  Zergling x6  
  61  4:59  Roach x5  
  76  5:00  Roach  
  76  5:04  Lair  
  73  5:16  Spore Crawler  
  70  5:26  Spore Crawler  
  66  5:33  Roach x4  
  74  5:42  Spore Crawler  
  71  5:52  Roach x3  
  77  6:11  Drone  
  77  6:12  Zergling x8, Drone  
  77  6:14  Drone x2  
  77  6:15  Drone x2  
  87  6:22  Ravager  
  73  6:42  Roach  
  73  6:43  Roach  
  73  6:46  Zergling x6  
  74  6:52  Roach  
  73  6:58  Roach  
  73  6:59  Zergling x8  
  78  7:08  Zergling x4  
  69  7:11  Drone x2  
  69  7:12  Queen x2  
  69  7:13  Drone  
  76  7:15  Extractor  
  76  7:16  Extractor, Drone  
  76  7:21  Evolution Chamber  
  73  7:23  Drone  
  73  7:24  Evolution Chamber, Drone  
  73  7:28  Drone x2  
  75  7:33  Drone  
  75  7:34  Overseer  
  77  7:37  Drone  
  77  7:39  Drone  
  78  7:45  Drone x2  
  78  7:46  Drone x5  
  78  7:48  Drone x3  
  78  7:50  Hatchery  
  78  7:51  Queen  
  89  7:52  Overlord  
  89  7:58  Drone x2  
  89  8:05  Drone x2  
  93  8:08  Drone  
  93  8:11  Centrifugal Hooks  
  95  8:12  Drone  
  95  8:13  Drone x5  
  95  8:19  Drone x4  
  104  8:23  Overlord  
  104  8:24  Overlord  
  104  8:29  Extractor  
  104  8:31  Overlord  
  104  8:32  Drone  
  104  8:34  Queen x2  
  104  8:40  Zerg Ground Armor Level 1  
  108  8:42  Zergling x10  
  108  8:45  Drone x6  
  119  8:50  Zergling x4  
  119  8:52  Overlord  
  121  8:56  Hydralisk Den  
  121  8:58  Extractor  
  121  9:00  Extractor  
  118  9:03  Zergling x6  
  119  9:14  Zergling x2  
  119  9:15  Zergling x22  
  131  9:17  Zerg Melee Weapons Level 1  
  131  9:21  Queen  
  131  9:23  Baneling  
  133  9:24  Baneling x3  
  133  9:25  Zergling x4, Baneling  
  133  9:26  Zergling x2  
  133  9:31  Overlord  
  136  9:35  Drone x3  
  136  9:36  Muscular Augments  
  139  9:41  Drone x4  
  139  9:42  Drone x3  
  139  9:45  Drone x3  
  149  9:48  Drone x2  
  138  10:07  Zergling x24  
  123  10:14  Zergling x6  
  125  10:22  Zergling x8  
  125  10:25  Hatchery  
  125  10:27  Zergling x2, Baneling  
  125  10:28  Baneling x16  
  129  10:29  Baneling x4  
  129  10:44  Zergling x4  
  129  10:45  Zergling x8  
  129  10:47  Grooved Spines  
  135  10:50  Zerg Ground Armor Level 2, Hatchery  
  135  10:52  Zergling x4  
  136  10:57  Zergling x6  
  139  11:05  Zergling x6  
  139  11:08  Zergling x2  
  139  11:09  Zergling x4  
  145  11:12  Overlord  
  145  11:13  Overlord  
  143  11:19  Zerg Melee Weapons Level 2  
  143  11:23  Zergling x6  
  146  11:29  Overlord  
  146  11:32  Infestation Pit  
  144  11:35  Lurker Den  
  143  11:45  Baneling x7  
  143  11:46  Baneling x8  
  143  11:47  Zergling x10  
  143  11:48  Zergling x12  
  143  11:52  Zergling x6  
  157  11:55  Hydralisk  
  157  12:01  Baneling x14  
  159  12:02  Baneling x2  
  151  12:12  Zergling x6, Queen  
  151  12:13  Drone x2  
  151  12:14  Drone x4  
  153  12:17  Zergling x6, Hydralisk  
  153  12:21  Queen  
  158  12:27  Drone x3  
  161  12:32  Drone x3  
  161  12:37  Extractor x2  
  162  12:40  Hydralisk x5  
  162  12:41  Hydralisk  
  174  12:44  Hydralisk x2  
  174  12:45  Hydralisk  
  174  12:47  Overlord x3  
  174  12:50  Hive  
  180  12:56  Overlord x2  
  180  13:01  Drone  
  180  13:02  Overlord x3  
  181  13:17  Hydralisk  
  181  13:18  Hydralisk x7  
  185  13:25  Drone x5  
  185  13:26  Drone  
  190  13:32  Hydralisk x3  
  196  13:56  Zergling x2  
  190  14:06  Zergling x8  
  190  14:07  Zergling x14  
  190  14:09  Extractor  
  197  14:10  Extractor  
  197  14:16  Queen  
  198  14:28  Zergling x4  
  197  14:41  Zerg Melee Weapons Level 3  
  181  14:53  Zergling x2  
  181  14:54  Zergling x2, Overseer  
  181  14:55  Overseer  
  181  14:57  Adrenal Glands  
  181  14:58  Zergling x6  
  186  15:05  Lurker  
  186  15:06  Lurker x12  
  191  15:22  Baneling  
  191  15:23  Baneling x16  
  191  15:24  Baneling x2  
  191  15:27  Zergling x12  
  191  15:28  Zergling x4, Overseer x2  
  187  15:43  Zergling x2  
  187  15:44  Zergling x6  
  187  15:46  Zergling x4  
  187  15:48  Overseer  
  187  15:49  Zergling x2  
  187  15:50  Zergling x6  
  179  15:58  Hydralisk x2  
  179  15:59  Hydralisk x3  
  179  16:02  Roach  
  179  16:03  Zergling x4  
  189  16:10  Zergling x4  
  188  16:15  Baneling x3  
  188  16:16  Baneling x24  
  188  16:17  Baneling x3  
  187  16:19  Zergling x10  
  166  16:37  Zergling x6  
  128  16:47  Zergling x8  
  128  16:48  Zergling x10  
  128  16:50  Zergling x4  
  128  16:52  Zergling x4, Queen  
  142  17:00  Zergling x6  
  139  17:09  Hydralisk x2  
  139  17:12  Baneling  
  139  17:13  Zergling x6, Baneling x8  
  134  17:20  Zergling x4  
  134  17:21  Zergling x2  
  133  17:25  Spore Crawler x2  
  133  17:26  Zergling x2  
  124  17:33  Zergling x8  
Show
View Real Time Build Order
Export as new Build Order

llIIlllIIlll Terran - Winner!

Build Orders: Reaper Expand 

Get SALT Encoding   

  12  0:01  SCV  
  13  0:13  SCV  
  14  0:17  Supply Depot  
  14  0:25  SCV  
  15  0:39  SCV  
  15  0:40  Barracks  
  16  0:44  Refinery  
  16  0:51  SCV  
  17  1:03  SCV  
  18  1:15  SCV  
  19  1:27  Orbital Command  
  19  1:28  Reaper  
  20  1:46  Command Center  
  20  1:55  SCV  
  20  1:56  Supply Depot  
  20  1:59  Marine  
  22  2:07  SCV  
  23  2:18  Marine  
  23  2:19  SCV  
  23  2:20  Factory  
  25  2:28  Refinery  
  25  2:31  SCV  
  26  2:37  Barracks Reactor  
  26  2:43  SCV  
  27  2:55  SCV  
  27  2:58  Orbital Command  
  28  3:05  Starport  
  28  3:07  SCV  
  29  3:19  SCV  
  32  3:20  Widow Mine x2  
  32  3:24  SCV  
  35  3:29  Armory  
  35  3:31  SCV  
  36  3:36  SCV  
  39  3:41  Widow Mine x2  
  39  3:42  Barracks Tech Lab  
  39  3:43  Supply Depot  
  39  3:44  SCV  
  43  3:48  SCV  
  43  3:56  SCV  
  43  3:58  Medivac  
  46  4:04  SCV  
  46  4:08  SCV  
  48  4:16  SCV  
  49  4:20  SCV  
  49  4:22  Stimpack  
  50  4:27  Command Center  
  50  4:28  SCV  
  51  4:32  SCV  
  51  4:35  Starport Reactor  
  52  4:40  SCV  
  52  4:44  Barracks, SCV  
  54  4:46  Supply Depot  
  54  4:47  Supply Depot, Factory Tech Lab  
  54  4:48  Supply Depot  
  54  5:07  Marine  
  54  5:08  SCV x2  
  57  5:20  SCV x2  
  59  5:25  Marine  
  60  5:28  Siege Tank  
  60  5:29  Terran Vehicle Weapons Level 1  
  60  5:32  SCV x2, Engineering Bay  
  60  5:33  Engineering Bay  
  60  5:34  Marine x2  
  67  5:38  Refinery  
  67  5:41  Refinery  
  65  5:43  Marine  
  65  5:44  SCV x2  
  68  5:50  Medivac x2, Supply Depot  
  68  5:52  Orbital Command, Marine x2  
  68  5:53  Supply Depot  
  68  5:56  SCV x2  
  74  6:01  Marine  
  75  6:08  Siege Tank, SCV  
  75  6:10  Marine  
  78  6:14  Supply Depot  
  78  6:15  Barracks  
  78  6:16  Barracks  
  78  6:17  Barracks, SCV  
  79  6:20  SCV  
  78  6:33  Marine x2  
  78  6:34  Marauder  
  73  6:51  Marine x2  
  73  6:55  Marauder  
  62  7:09  Marine x2  
  62  7:13  SCV  
  65  7:16  Marauder  
  65  7:18  SCV  
  68  7:24  Orbital Command  
  68  7:26  Marine, SCV  
  68  7:27  Marine  
  69  7:30  SCV  
  69  7:33  Terran Infantry Armor Level 1, Terran Infantry Weapons Level 1  
  69  7:34  Barracks Reactor x3  
  69  7:35  Siege Tank  
  73  7:38  Marauder  
  75  7:44  Marine  
  75  7:45  SCV  
  75  7:49  SCV  
  78  7:51  Marine  
  78  7:55  Terran Vehicle Weapons Level 2  
  78  7:58  SCV  
  80  7:59  SCV, Marauder  
  80  8:01  SCV  
  80  8:02  Marine  
  85  8:08  Siege Tank  
  85  8:09  Marine  
  85  8:10  Viking, SCV  
  85  8:11  SCV  
  93  8:13  Medivac, SCV, Marine x4  
  93  8:18  Supply Depot  
  100  8:20  Supply Depot, Marine  
  100  8:21  Supply Depot x2, Marauder  
  100  8:22  SCV  
  100  8:25  Refinery  
  100  8:26  Refinery  
  104  8:34  Marine x3  
  104  8:35  Marine x4  
  104  8:37  Combat Shield  
  104  8:38  Marine  
  112  8:42  Marauder  
  112  8:45  Medivac x2  
  112  8:47  Command Center  
  118  8:49  Supply Depot  
  118  8:50  SCV x2  
  118  8:51  Supply Depot, SCV  
  118  8:52  Marine x4  
  125  8:56  Marine x2  
  125  9:02  SCV x2  
  129  9:03  Marauder  
  125  9:16  SCV x3  
  108  9:17  Marine x4  
  108  9:18  Marine x4  
  116  9:25  Marauder  
  116  9:27  Terran Infantry Weapons Level 2, Terran Infantry Armor Level 2  
  116  9:28  SCV x3  
  121  9:35  Marine x2  
  121  9:38  Barracks x2  
  123  9:39  Barracks  
  123  9:40  SCV x3  
  126  9:45  Marine  
  126  9:46  Marauder  
  126  9:52  SCV  
  130  9:56  Concussive Shells  
  118  10:12  Marine x2  
  118  10:13  Marine, Marauder  
  123  10:15  Marine x3  
  123  10:16  SCV  
  126  10:30  Siege Tank  
  126  10:31  Barracks Tech Lab  
  126  10:32  Barracks Tech Lab  
  126  10:34  Factory, Marauder  
  131  10:36  Fusion Core  
  131  10:37  Starport  
  131  10:41  SCV  
  132  10:47  Sensor Tower, Planetary Fortress  
  132  10:51  SCV x2  
  132  10:53  Terran Vehicle Weapons Level 3, SCV  
  132  10:56  Armory, Marauder  
  132  10:57  Armory, Marine  
  137  10:58  Refinery  
  137  10:59  Missile Turret  
  137  11:01  Missile Turret, Refinery  
  137  11:03  SCV x2  
  140  11:05  SCV  
  141  11:15  SCV x2  
  141  11:17  SCV  
  144  11:25  Marine x4, Marauder x2  
  152  11:44  Marine x3  
  152  11:45  Marauder  
  152  11:46  Advanced Ballistics  
  157  11:47  Factory Tech Lab, Starport Reactor  
  157  11:50  SCV x2  
  157  11:51  Ghost Academy  
  159  11:56  Marauder  
  142  12:15  Command Center  
  142  12:20  Siege Tank x2  
  142  12:21  Drilling Claws  
  144  12:25  Terran Infantry Weapons Level 3, Terran Infantry Armor Level 3  
  144  12:27  Terran Vehicle And Ship Armor Level 1, Terran Ship Weapons Level 1  
  144  12:28  Liberator x2  
  144  12:29  Factory  
  150  12:31  Marine  
  150  12:32  Marine x3, Marauder  
  156  12:42  Marine, SCV  
  156  12:43  Marine x2, Marauder x2  
  163  12:45  SCV  
  164  12:53  Ghost  
  164  12:54  Liberator x2  
  172  12:59  Marine x5  
  172  13:00  Marine x2  
  172  13:01  Marine  
  180  13:16  Command Center  
  180  13:17  Ghost  
  180  13:18  Ghost  
  177  13:21  Ghost  
  177  13:24  Siege Tank, Liberator  
  175  13:36  Marine x3  
  175  13:39  Orbital Command  
  178  13:46  Ghost x2  
  182  13:50  Marine x2, Marauder  
  182  13:55  Liberator x3  
  192  14:12  Marine  
  192  14:13  Marauder  
  189  14:30  Refinery  
  186  14:31  Refinery  
  170  15:05  Marine  
  170  15:06  Marauder  
  173  15:08  Marine  
  173  15:09  Marine x3, Marauder x2  
  181  15:27  Planetary Fortress  
  181  15:30  Command Center  
  181  15:57  Marine x2, Marauder x2  
  170  15:58  Siege Tank x2  
  171  16:18  SCV  
  171  16:21  SCV  
  171  16:24  SCV  
  171  16:25  SCV  
  172  16:30  Siege Tank  
  162  16:51  Marine x3, Marauder x3  
  162  16:53  Orbital Command  
  171  16:56  Liberator x4  
  183  17:07  Command Center  
  183  17:21  Marine x2  
  183  17:22  Marauder  
  187  17:25  Supply Depot  
  187  17:26  Supply Depot  
  187  17:28  Supply Depot  
Tags
 
Add a new tag
Caveats
  • Supply blocks, unpowered buildings, or Contaminate may cause inaccurate times.
  • Supply counts are checked every 10 seconds.